 Dungeon Crawl Stone Soup version 0.27-a0-926-g0e6d9124c6 (webtiles) character file.

Game seed: 1248278017855735300

63 MirrMurr the Sneak (level 3, 0/16 HPs)
             Began as a Spriggan Enchanter on Apr 10, 2021.
             Was a Plaything of Xom.
             Slain by a sky beast (6 damage)
             ... on level 4 of the Dungeon.
             The game lasted 00:03:19 (1430 turns).

MirrMurr the Sneak (Spriggan Enchanter)             Turns: 1430, Time: 00:03:20

Health: 0/16       AC:  2    Str:  5    XL:     3   Next: 87%
Magic:  4/8        EV: 17    Int: 16    God:    Xom [..*...]
Gold:   61         SH:  0    Dex: 15    Spells: 1/7 levels left

rFire    . . .     SeeInvis +   a - +2 dagger
rCold    . . .     Faith    .   (shield restricted)
rNeg     . . .     Spirit   .   b - +0 robe
rPois    .         Reflect  .   (helmet restricted)
rElec    .         Harm     .   (no cloak)
rCorr    .         Rampage  .   (gloves unavailable)
Will     .....                  (boots unavailable)
Stlth    +++.......             (no amulet)
HPRegen  0.05/turn              (no ring)
MPRegen  0.11/turn              (no ring)

@: very quick
A: very small, no large weapons, unfitting armour, see invisible, speed 3
a: Renounce Religion


You were on level 4 of the Dungeon.
You worshipped Xom.
You were a toy of Xom.
You visited 1 branch of the dungeon, and saw 4 of its levels.

You collected 61 gold pieces.

Inventory:

Hand Weapons
 a - a +2 dagger (weapon)
Missiles
 e - 11 stones (quivered)
Armour
 b - a +0 robe (worn)
Scrolls
 f - a scroll of fog {unknown}
Potions
 c - a potion of curing {unknown}
 d - a potion of heal wounds


   Skills:
 + Level 3.0 Short Blades
 - Level 2.6 Dodging
 + Level 6.1 Stealth
 - Level 2.6 Spellcasting
 - Level 3.6 Hexes


You had one spell level left.
You knew the following spells:

 Your Spells              Type           Power      Damage    Failure   Level
a - Ensorcelled Hibernat  Hex/Ice        14%        N/A       14%         2
b - Confusing Touch       Hex            13%        N/A       13%         3
C - Corona                Hex            14%        N/A       4%          1

Your spell library contained the following spells:

 Spells                   Type           Power      Damage    Failure   Level
 Tukima's Dance           Hex            13%        N/A       13%         3
 Dazzling Flash           Conj/Hex       14%        N/A       28%         3


Dungeon Overview and Level Annotations

Branches:
Dungeon (4/15)
 Temple: D:4-7

Altars:
Xom

Annotations:
D:2 Terence


Innate Abilities, Weirdness & Mutations

You are very small and have problems with some larger weapons.
You are too small for most types of armour.
You have supernaturally acute eyesight. (SInv)
You cover ground extremely quickly. (Speed+++)


Message History

Found a golden potion.
The iguana hisses angrily.
Casting: Ensorcelled Hibernation (safe; 14% risk of failure)
Confirm with . or Enter, or press ? or * to list all spells.
Aiming: Ensorcelled Hibernation (safe; 14% risk of failure)
Press: ? - help, Shift-Dir - straight line, f - iguana
Aim: an iguana (chance to affect: 48%)
The iguana looks drowsy...
The helpless iguana fails to defend itself.
You impale the iguana!!
You kill the iguana!
Your Short Blades skill increases to level 3!
Your Stealth skill increases to level 6!
You see here an iguana corpse.
c - a golden potion
f - a scroll labelled MOFRUI ZUAKU A sky beast comes into view.
Xom snickers.
Your eyebrows wriggle.
You miss the sky beast. The sky beast barely misses you.
You completely miss the sky beast.
Casting: Ensorcelled Hibernation (safe; 14% risk of failure)
Confirm with . or Enter, or press ? or * to list all spells.
Aiming: Ensorcelled Hibernation (safe; 14% risk of failure)
Press: ? - help, Shift-Dir - straight line, f - sky beast
Aim: a sky beast (chance to affect: 38%)
The sky beast resists with some effort.
The sky beast barely misses you.
You closely miss the sky beast. The sky beast hits you.
The sky beast shocks you.
A shower of butterflies erupts from you!
Casting: Ensorcelled Hibernation (safe; 14% risk of failure)
Confirm with . or Enter, or press ? or * to list all spells.
Aiming: Ensorcelled Hibernation (safe; 14% risk of failure)
Press: ? - help, Shift-Dir - straight line, f/p - sky beast
Aim: a sky beast (ally target, chance to affect: 38%)
The sky beast resists with some effort.
The sky beast flickers out of sight for a moment.
The sky beast hits you. The sky beast shocks you.
You die...
Xom chortles!

#.# #.# #.#
#.# #.# #.#
.. #.# #.#
##.#####
#.#....#
#.####b###.#
#.bY@.bb.#
########.#
... ###


You could see a sky beast (invisible, ally target).

Vanquished Creatures
  An iguana (D:4)
  An adder (D:2)
  A dart slug (D:1)
  An orc (D:3)
  4 ball pythons
  4 bats (D:1)
  A giant cockroach (D:1)
  3 goblins
  2 hobgoblins (D:4)
  A quokka (D:1)
  4 frilled lizards
  A rat (D:3)
24 creatures vanquished.

Notes
Turn   | Place    | Note
-------+----------+-------------------------------------------
     0 | D:1      | MirrMurr the Spriggan Enchanter began the quest for the
                  | Orb.
     0 | D:1      | Reached XP level 1. HP: 9/9 MP: 5/5
   297 | D:1      | Found a faded altar of an unknown god.
   305 | D:1      | Became a worshipper of Xom the Psychopath
   368 | D:1      | XOM: silly message
   381 | D:1      | Reached XP level 2. HP: 10/13 MP: 6/6
   384 | D:1      | Learned a level 2 spell: Ensorcelled Hibernation
   412 | D:1      | XOM: silly message
   458 | D:1      | Reached skill level 5 in Stealth
   504 | D:1      | XOM: divination: magic mapping
   817 | D:1      | XOM: cloud trail
   916 | D:2      | Noticed Terence
   991 | D:2      | Reached XP level 3. HP: 16/16 MP: 5/8
  1004 | D:3      | Learned a level 3 spell: Confusing Touch
  1072 | D:3      | XOM: divination: magic mapping
  1380 | D:4      | Reached skill level 6 in Stealth
  1423 | D:4      | Noticed a sky beast
  1425 | D:4      | XOM: silly message
  1429 | D:4      | XOM: butterfly on damage
  1430 | D:4      | Slain by a sky beast

Illustrated notes

Levels and vault maps discovered:
D:1:      minmay_arrival_four_circles, layout_basic,
          hellmonk_ecumenical_altar_lost_god, hangedman_glass_teeth,
          serial_bayou_lagoon_a, minmay_domino_2
D:2:      layout_rooms, serial_shops, shop, kennysheep_generic_room_5,
          uniq_terence
D:3:      layout_loops_ring, uniq_jessica
D:4:      layout_loops_ring

Skill      XL: |  1  2  3 |
---------------+----------+-----
Stealth        | 5 6 |  6.1
Short Blades   | 2 3 |  3.0
Dodging        | |  2.6
Spellcasting   | |  2.6
Hexes          | |  3.6

Action                   || total
-------------------------++-------
Melee: Dagger            ||   109
 Cast: Ensorcelled Hiber ||    12
  Use: Scroll            ||     2
 Stab: Sleeping          ||    11
Armor: Robe              ||    24
Dodge: Dodged            ||   125

Table legend: (Time is in decaauts)
 A = Elapsed time spent in this place.
 B = Non-inter-level travel time spent in this place.
 C = Inter-level travel time spent in this place.
 D = Time resting spent in this place.
 E = Time spent auto-exploring this place.
 F = Levels seen in this place.
 G = Mean time per level.
                   A        B        C        D        E       F      G
               +--------+--------+--------+--------+--------+-----+--------+
         Total |   1173 |   1114 |     59 |      3 |    873 |   4 |  293.2 |
       Dungeon |   1173 |   1114 |     59 |      3 |    873 |   4 |  293.2 |
               +--------+--------+--------+--------+--------+-----+--------+

Top non-repeatable levels by time:
     D:1: 763 daAuts
     D:4: 292 daAuts
     D:3: 99 daAuts
     D:2: 19 daAuts
